 Dungeon Crawl Stone Soup version 0.25-a0-731-g0472a16d6a (webtiles) character file.

Game seed: 13326222336949149713, levelgen mode: deterministic

142437 Amnesiac the Cryomancer (level 16, -10/87 HPs)
             Began as a Deep Elf Ice Elementalist on Apr 8, 2020.
             Was the Champion of Vehumet.
             Mangled by a hell beast (14 damage)
             ... summoned by a deep elf demonologist
             ... on level 3 of the Elven Halls.
             The game lasted 01:17:41 (27522 turns).

Amnesiac the Cryomancer (DEIE)                     Turns: 27522, Time: 01:17:42

Health: -10/87     AC: 13    Str:  5    XL:     16   Next: 80%
Magic:  0/51       EV: 20    Int: 28    God:    Vehumet [******]
Gold:   1214       SH:  5    Dex: 18    Spells: 12/55 levels left

rFire    . . .     SeeInvis +   a - staff of cold
rCold    + . .     Gourm    .   A - +0 buckler
rNeg     + + .     Faith    .   Q - +0 troll leather armour
rPois    .         Spirit   +   P - +1 helmet "Ciucwuh" {rN++}
rElec    .         Reflect  .   d - +2 cloak of the Thief {+Fog Slay-2 SInv Stlth+}
rCorr    .         Harm     .   v - +2 pair of gloves {Dex+3}
MR       +....                  u - +0 pair of boots
Stlth    +++.......             l - amulet of guardian spirit
HPRegen  0.64/turn              p - ring of magical power
MPRegen  0.32/turn              n - +4 ring of evasion

@: no potions, very slightly contaminated
A: no striking features
a: Renounce Religion, Evoke Fog


You were on level 3 of the Elven Halls.
You worshipped Vehumet.
Vehumet was exalted by your worship.
You were not hungry.

You visited 5 branches of the dungeon, and saw 27 of its levels.
You also visited: Gauntlet.

You collected 3237 gold pieces.
You spent 2023 gold pieces at shops.

Inventory:

Hand Weapons
 b - a +3 demon blade of electrocution
 z - the +8 frozen axe "Frostbite" {freezing cloud, *Noise +Fly rC+}
   (You found it on level 3 of the Elven Halls)

   It has been specially enchanted to freeze those struck by it, causing extra
   injury to most foes and up to half again as much damage against particularly
   susceptible opponents.
   It can also slow down cold-blooded creatures.
   It protects you from cold.
   It lets you fly.
   It may make noises in combat.
Missiles
 r - 43 poisoned darts (quivered)
Armour
 d - the +2 cloak of the Thief (worn) {+Fog Slay-2 SInv Stlth+}
   (You bought it in a shop on level 2 of the Orcish Mines)

   It affects your accuracy and damage with ranged weapons and melee attacks
   (-2).
   It lets you see invisible.
   It makes you more stealthy.
 u - a +0 pair of boots (worn)
 v - a +2 pair of gloves of dexterity (worn)
 A - a +0 buckler (worn)
 P - the +1 helmet "Ciucwuh" (worn) {rN++}
   (You found it on level 15 of the Dungeon)

   It greatly protects you from negative energy.
 Q - a +0 troll leather armour (worn)
Magical Staves
 a - an uncursed staff of cold (weapon)
 y - an uncursed staff of fire
Jewellery
 l - an amulet of guardian spirit (around neck)
 n - a +4 ring of evasion (right hand)
 p - a ring of magical power (left hand)
 B - an uncursed ring of wizardry
Wands
 i - a wand of clouds (11)
 o - a wand of paralysis (29)
 w - a wand of iceblast (26)
 E - a wand of enslavement (8)
 G - a wand of polymorph (13)
 I - a wand of acid (15)
 M - a wand of flame (7)
 T - a wand of random effects (28)
Scrolls
 j - 4 scrolls of fear {!r}
 q - 8 scrolls of teleportation {!r}
 x - 6 scrolls of remove curse {!r}
 C - 10 scrolls of blinking {!r}
 L - a scroll of identify {!r}
 R - 3 scrolls of enchant armour {!r}
 S - a scroll of fog {!r}
Potions
 e - 3 potions of brilliance {!q}
 f - 5 potions of curing {!q}
 g - 2 potions of mutation {!q}
 h - 3 potions of heal wounds {!q}
 k - 7 potions of haste {!q}
 m - 5 potions of cancellation {!q, unknown}
 s - a potion of invisibility {!q}
 t - 3 potions of flight {!q}
 D - 2 potions of berserk rage {!q}
 F - 3 potions of stabbing {!q, unknown}
 H - 7 potions of lignification {!q, unknown}
 J - 5 potions of magic {!q, unknown}
 N - 3 potions of might {!q}
 O - a potion of resistance {!q}
 U - a potion of ambrosia {!q}
Comestibles
 c - 41 rations
 K - 4 chunks of flesh


   Skills:
 + Level 5.1 Fighting
 - Level 3.0 Long Blades
 + Level 7.5 Dodging
 - Level 3.0 Stealth
 - Level 4.0 Shields
 - Level 20.0 Spellcasting
 + Level 23.2 Ice Magic
 - Level 5.0 Evocations


You had 12 spell levels left.
You knew the following spells:

 Your Spells              Type           Power        Failure   Level  Hunger
a - Freeze                Ice            ####         0%          1    None
b - Ozocubu's Refrigerat  Ice            ########..   1%          6    None
c - Summon Ice Beast      Ice/Summ       #######.     1%          4    None
d - Foxfire               Conj/Fire      ####         1%          1    None
e - Poisonous Vapours     Pois/Air       ####..       3%          2    None
f - Hailstorm             Conj/Ice       #######.     1%          4    None
g - Ensorcelled Hibernat  Hex/Ice        ######       1%          2    None
h - Magic Dart            Conj           ####         1%          1    None
i - Summon Butterflies    Summ           ####....     2%          1    None
j - Irradiate             Conj/Tmut      ####......   17%         5    None
k - Frozen Ramparts       Ice            ######       0%          3    None
l - Freezing Cloud        Conj/Ice/Air   #######...   4%          6    None
s - Olgreb's Toxic Radia  Pois           ####....     7%          4    None
z - Ozocubu's Armour      Chrm/Ice       #######.     1%          3    None

Your spell library contained the following spells:

 Spells                   Type           Power        Failure   Level  Hunger
 Iron Shot                Conj/Erth      ####......   63%         6    None
 Dazzling Flash           Conj/Hex       ####..       1%          3    None
 Ignite Poison            Fire/Tmut/Pois ####....     1%          3    None
 Mephitic Cloud           Conj/Pois/Air  ####....     1%          3    None
 Ice Form                 Ice/Tmut       #######.     1%          4    None
 Metabolic Englaciation   Hex/Ice        #######...   1%          5    None
 Animate Skeleton         Necr           N/A          2%          1    None
 Apportation              Tloc           ####..       2%          1    None
 Corona                   Hex            ####...      2%          1    None
 Pain                     Necr           ####         2%          1    None
 Sting                    Tmut/Pois      ####         2%          1    None
 Summon Small Mammal      Summ           ####         2%          1    None
 Simulacrum               Ice/Necr       #######...   3%          6    None
 Call Canine Familiar     Summ           ####....     7%          3    None
 Confusing Touch          Hex            ####....     7%          3    None
 Lesser Beckoning         Tloc           ####......   7%          3    None
 Tukima's Dance           Hex            ####....     7%          3    None
 Vampiric Draining        Necr           ####......   7%          3    None
 Animate Dead             Necr           N/A          24%         4    None
 Agony                    Necr           ####....     54%         5    None
 Alistair's Intoxication  Tmut/Pois      ####....     54%         5    None
 Summon Mana Viper        Hex/Summ       ####....     54%         5    None
 Invisibility             Hex            ####....     98%         6    None
 Summon Hydra             Summ           ####......   100%        7    ####...


Dungeon Overview and Level Annotations

Branches:
Dungeon (15/15)            Temple (1/1) D:4            Lair (6/6) D:9
 Shoals (0/4) Lair:4        Snake (0/4) Lair:4        Slime (0/5) Lair:6
    Orc (2/2) D:10            Elf (3/3) Orc:2        Vaults (0/5) D:13
 Depths (0/5) D:15        Gauntlet (visited)

Altars:
Ashenzari
Cheibriados
Dithmenos
Elyvilon
Fedhas
Gozag
Hepliaklqana
Kikubaaqudgha
Makhleb
Nemelex Xobeh
Okawaru
Qazlal
Ru
Sif Muna
Trog
Uskayaw
Vehumet
Wu Jian
Xom
Yredelemnul
Zin
The Shining One
Beogh
Jiyva

Shops:
D:6 :(*[=   D:9 :   D:10 *   D:11 [   Orc:2 (=[*   Elf:1 }=}   Elf:2 :

Portals:
Bazaar: Elf:1

Annotations:
Elf:2 3 runed translucent doors


Message History

The deep elf archer unwields a +0 short sword.
The deep elf archer wields a +0 shortbow.
The deep elf archer shoots an arrow.
You block the arrow.
A deep elf demonologist comes into view.
It is wielding a +0 short sword.
Casting: Ozocubu's Refrigeration (safe; 1% risk of failure)
Confirm with . or Enter, or press ? or * to list all spells.
You feel a surge of power!
The heat is drained from your surroundings.
You resist.
You feel very cold. The monsters around you are frozen!
The deep elf archer is almost dead.
You kill the deep elf mage!
Vehumet accepts your kill.
You feel your power returning.
The deep elf demonologist is almost dead.
The deep elf demonologist casts a spell.
The deep elf archer casts a spell at you.
You are confused.
A deep elf archer comes into view. It is wielding a +0 dagger of draining.
Unknown command.
You're too confused to cast spells.
Unknown command.
You're too confused to cast spells.
Unknown command.
Unknown command.
You cannot drink potions in your current state!
Unknown command.
Unknown command.
You cannot drink potions in your current state!
You're too confused to move!
The deep elf demonologist gestures wildly while chanting.
The deep elf archer shoots an arrow.
The arrow hits you! The hellion gestures at you.
The sphere of damnation explodes!
The damnation engulfs you!!
The deep elf archer unwields a +0 dagger of draining.
The deep elf archer wields a +6 shortbow.
The deep elf archer shoots an arrow.
The arrow hits you!
* * * LOW HITPOINT WARNING * * *
A +2 antimagic scimitar comes into view.
The deep elf demonologist gestures wildly while chanting.
The deep elf archer shoots an arrow.
The arrow closely misses you. The smoke demon gestures at you.
Something smites you!
* * * LOW HITPOINT WARNING * * *
The hellion gestures at you.
The sphere of damnation explodes!
The damnation engulfs you!!
* * * LOW HITPOINT WARNING * * *
The deep elf archer shoots an arrow.
The arrow hits you!
* * * LOW HITPOINT WARNING * * *
You see here an arrow.
You cannot drink potions in your current state!
You're too confused to move!
The deep elf demonologist mumbles some strange words.
You're too confused!
You feel less confused.
The smoke demon disappears in a puff of smoke!
The ynoxinul gestures.
The hell beast barely misses you. The hell beast misses you.
The deep elf archer unwields a +0 shortbow.
The deep elf archer wields a +0 short sword.
The deep elf archer hits you but does no damage.
Unknown command.
The ynoxinul gestures.
The hell beast bites you!
You die...

####.........#
'..'.........#
####.........# #
#.........##
######.....########
..
...#####.##'#..(..#+
... .....#
#####.).....#..##
.....#
##...........##
.♣...#
#....(.@.....##
.....#
#....22......##
######
+....(e55......
#.....e........
#...353.5...##.
##...4e....##
##..5....## ##
##.....## ...
..###'###..


You could see a hell beast, a deep elf demonologist, 2 deep elf archers, a smoke
demon, a hellion, a ynoxinul, a chaos spawn, a +2 antimagic scimitar and 5
ufetubi.

Vanquished Creatures
  Agnes (D:15)
  An emperor scorpion (D:15)
  An orc warlord (Orc:2)
  Louise (D:15)
  2 dire elephants
  A minotaur (Gauntlet)
  A deep elf annihilator (Elf:2)
  An ettin (shapeshifter) (Elf:1)
  A rakshasa (D:13)
  Erolcha (Orc:1)
  Harold (D:9)
  4 vault guards (D:13)
  7 hydras
  A hell beast (Gauntlet)
  A death knight (D:15)
  5 centaur warriors
  4 catoblepae
  Erica (Lair:2)
  10 dancing weapons
  10 death yaks
  A two-headed ogre (D:10)
  2 tengu warriors (D:15)
  3 orc high priests
  A shock serpent (shapeshifter) (Elf:1)
  Sonja (Lair:6)
  Nergalle (Lair:1)
  13 deep elf knights
  A skeletal warrior (D:15)
  14 deep elf archers
  2 wizards
  6 orc knights
  8 ugly things
  4 orc sorcerers (Orc:2)
  4 oklob plants (Lair:4)
  A salamander (D:15)
  42 deep elf magi
  4 manticores
  A cyclops (D:15)
  A black mamba (Lair:2)
  29 elephants
  4 spiny frogs
  2 kobold demonologists (D:14)
  6 centaur skeletons
  6 komodo dragons
  A freezing wraith (D:15)
  2 rime drakes
  A yaktaur (D:13)
  2 efreet
  A tengu conjurer (D:14)
  2 polar bears
  3 trolls
  9 slime creatures
  A hornet (D:12)
  15 blink frogs
  10 hippogriffs
  4 wyverns
  2 spriggans
  A vampire (D:15)
  3 air elementals
  2 water elementals (Elf:1)
  A basilisk (Lair:5)
  5 fire elementals (Elf:2)
  2 wraiths (D:15)
  52 yaks
  A hungry ghost (D:8)
  Menkaure (D:4)
  3 vampire mosquitoes (D:15)
  2 wargs
  A steam dragon (D:10)
  4 acid dragons
  3 soldier ants
  A hell hound (Gauntlet)
  11 water moccasins
  7 porcupines
  35 orc warriors
  A black bear (Lair:2)
  2 ice beasts
  A necrophage (D:5)
  2 phantoms
  6 sky beasts
  9 ogres
  10 crocodiles
  2 big kobolds
  7 centaurs
  A gnoll sergeant (D:8)
  19 bullfrogs
  An earth elemental (Elf:1)
  A hornet simulacrum (Gauntlet)
  3 scorpions
  3 killer bees (D:8)
  10 wights
  A howler monkey (D:7)
  An electric eel (Lair:1)
  2 quasits
  7 crimson imps
  3 jellies
  2 bullfrog zombies
  8 hounds
  30 orc priests
  A wyvern simulacrum (Gauntlet)
  2 bullfrog skeletons (D:5)
  5 iguanas
  Jessica (D:2)
  26 orc wizards
  4 worker ants
  2 bullfrog simulacra (Gauntlet)
  3 hound zombies
  12 gnolls
  18 adders
  5 shadow imps
  3 oozes
  An adder zombie (D:5)
  4 worms
  2 dart slugs
  5 leopard geckos
  93 orcs
  3 giant cockroaches
  6 goblins
  4 hobgoblins
  4 jackals
  4 quokkas
  A ball python (D:2)
  6 bats
  3 frilled lizards (D:2)
  14 kobolds
  A quokka zombie (D:5)
  5 rats
  77 fungi
  102 plants
949 creatures vanquished.

Vanquished Creatures (collateral kills)
  A vault guard (D:13)
  An ogre mage (D:13)
  An orc high priest (Orc:2)
  A sixfirhy (D:11)
  A deep elf mage (D:13)
  3 ugly things (D:14)
  Joseph (D:9)
  2 centaur zombies
  Psyche (D:9)
  A yaktaur (D:13)
  2 tengu conjurers
  A troll (D:13)
  Grinder (D:5)
  A hippogriff (D:8)
  2 yaks (D:12)
  2 hungry ghosts
  A steam dragon (D:7)
  A big kobold (D:12)
  A bullfrog (D:12)
  4 wights
  2 bullfrog zombies
  2 centaur skeletons
  2 bullfrog skeletons
  Crazy Yiuf (D:3)
  A bullfrog simulacrum (Gauntlet)
  2 hound zombies
  A howler monkey zombie (D:10)
  2 orcs (D:10)
  4 kobolds
46 creatures vanquished.

Vanquished Creatures (others)
  A two-headed ogre (D:15)
  A deep elf mage (D:15)
  A bat (D:2)
  79 foxfires
  5 fungi
  A plant (Lair:4)
  A withered plant (Gauntlet)
89 creatures vanquished.

Grand Total: 1084 creatures vanquished

Notes
Turn   | Place    | Note
-------+----------+-------------------------------------------
     0 | D:1      | Amnesiac the Deep Elf Ice Elementalist began the quest for
                  | the Orb.
     0 | D:1      | Reached XP level 1. HP: 10/10 MP: 6/6
    33 | D:1      | Reached XP level 2. HP: 8/15 MP: 0/8
   629 | D:2      | Reached skill level 5 in Ice Magic
   665 | D:2      | Reached XP level 3. HP: 2/19 MP: 3/10
   670 | D:2      | Learned a level 3 spell: Frozen Ramparts
   674 | D:2      | Learned a level 3 spell: Ozocubu's Armour
  1158 | D:2      | Noticed Jessica
  1164 | D:2      | Killed Jessica
  1164 | D:2      | Reached XP level 4. HP: 21/24 MP: 8/12
  1304 | D:3      | Reached skill level 6 in Ice Magic
  1471 | D:3      | Learned a level 4 spell: Summon Ice Beast
  1475 | D:3      | Found a runed translucent door.
  1476 | D:3      | Noticed Crazy Yiuf
  1753 | D:3      | Killed Crazy Yiuf
  1753 | D:3      | Reached XP level 5. HP: 28/28 MP: 9/14
  2022 | D:4      | Reached skill level 5 in Spellcasting
  2076 | D:4      | Found a staircase to the Ecumenical Temple.
  2083 | Temple   | Entered the Ecumenical Temple
  2547 | D:2      | Found a radiant altar of Vehumet.
  2761 | D:2      | Became a worshipper of Vehumet
  2842 | D:2      | Found a white marble altar of Elyvilon.
  2903 | D:2      | Noticed a sky beast
  2917 | D:2      | Killed a sky beast
  2917 | D:2      | Reached skill level 7 in Ice Magic
  2917 | D:2      | Reached XP level 6. HP: 32/32 MP: 16/16
  3013 | D:2      | Found a glowing silver altar of Zin.
  3630 | D:4      | Noticed Menkaure
  3649 | D:4      | Killed Menkaure
  4042 | D:4      | Found a sparkling altar of Nemelex Xobeh.
  4257 | D:5      | Entered Level 5 of the Dungeon
  4287 | D:5      | Reached skill level 8 in Ice Magic
  4287 | D:5      | Reached XP level 7. HP: 36/36 MP: 18/18
  4298 | D:5      | Found a bloodstained altar of Trog.
  4359 | D:5      | Noticed Grinder
  4431 | D:5      | Reached * piety under Vehumet
  4431 | D:5      | Offered knowledge of Foxfire by Vehumet.
  4434 | D:5      | Learned a level 1 spell: Foxfire
  4595 | D:5      | Learned a level 4 spell: Hailstorm
  4680 | D:5      | Reached skill level 9 in Ice Magic
  4779 | D:5      | Reached XP level 8. HP: 6/41 MP: 21/21
  5363 | D:6      | Found Leudiron's Weapon Shop.
  5437 | D:6      | Reached skill level 10 in Ice Magic
  5441 | D:6      | Found Nuuluom's Armour Emporium.
  5446 | D:6      | Bought a +1 pair of gloves of dexterity for 198 gold pieces
  5585 | D:6      | Found Kasmij's Jewellery Shoppe.
  5842 | D:6      | Found Heloguex's Book Shoppe.
  5900 | D:6      | Found Xacliodo's Assorted Antiques.
  5913 | D:6      | Bought a scroll labeled HEMUPIUXZ YQUL for 28 gold pieces
  5951 | D:6      | Found a blossoming altar of Fedhas.
  6159 | D:7      | Reached skill level 11 in Ice Magic
  6161 | D:7      | Reached ** piety under Vehumet
  6161 | D:7      | Offered knowledge of Magic Dart by Vehumet.
  6197 | D:7      | Learned a level 1 spell: Magic Dart
  6348 | D:7      | Reached XP level 9. HP: 43/45 MP: 24/24
  6932 | D:8      | Reached skill level 10 in Spellcasting
  6935 | D:8      | Reached skill level 12 in Ice Magic
  6951 | D:8      | Learned a level 2 spell: Ensorcelled Hibernation
  7107 | D:8      | Offered knowledge of Stone Arrow by Vehumet.
  7222 | D:8      | Learned a level 2 spell: Poisonous Vapours
  7422 | D:8      | Reached *** piety under Vehumet
  7445 | D:8      | Got a crude ivory ring
  7549 | D:8      | Reached skill level 1 in Shields
  7728 | D:8      | Found a stormy altar of Qazlal.
  7877 | D:9      | Learned a level 4 spell: Olgreb's Toxic Radiance
  8087 | D:9      | Noticed Psyche
  8098 | D:9      | Killed Psyche
  8098 | D:9      | Reached XP level 10. HP: 50/50 MP: 24/26
  8140 | D:9      | Offered knowledge of Static Discharge by Vehumet.
  8140 | D:9      | Reached skill level 13 in Ice Magic
  8170 | D:9      | Noticed Harold
  8194 | D:9      | Killed Harold
  8601 | D:9      | Found a staircase to the Lair.
  8619 | D:9      | Found Poujait's Book Boutique.
  8649 | D:9      | Noticed Joseph
  8675 | D:9      | Killed Joseph
  9159 | D:10     | Entered Level 10 of the Dungeon
  9159 | D:10     | Found Isiy's Hallowed Reliquary.
  9159 | D:10     | Found a glowing golden altar of the Shining One.
  9159 | D:10     | Noticed an angel
  9163 | D:10     | Bought a potion of heal wounds for 65 gold pieces
  9163 | D:10     | Bought a potion of curing for 39 gold pieces
  9318 | D:10     | Found a shimmering blue altar of Sif Muna.
  9428 | D:10     | Found a staircase to the Orcish Mines.
  9433 | D:10     | Noticed a two-headed ogre
  9435 | D:10     | Reached **** piety under Vehumet
  9453 | D:10     | Killed a two-headed ogre
  9453 | D:10     | Reached skill level 14 in Ice Magic
  9547 | D:10     | Found a roughly hewn altar of Beogh.
  9895 | D:10     | Offered knowledge of Lightning Bolt by Vehumet.
 10189 | Orc:1    | Entered Level 1 of the Orcish Mines
 10189 | Orc:1    | Noticed an orc knight
 10202 | Orc:1    | Killed an orc knight
 10202 | Orc:1    | Reached XP level 11. HP: 35/54 MP: 24/29
 10253 | Orc:1    | Noticed Erolcha
 10281 | Orc:1    | Killed Erolcha
 10618 | Orc:1    | Noticed an orc knight
 10651 | Orc:1    | Killed an orc knight
 10771 | Orc:2    | Entered Level 2 of the Orcish Mines
 10785 | Orc:2    | Reached ***** piety under Vehumet
 10791 | Orc:2    | Reached skill level 15 in Ice Magic
 10810 | Orc:2    | Found a staircase to the Elven Halls.
 10822 | Orc:2    | Offered knowledge of Fulminant Prism by Vehumet.
 10885 | Orc:2    | Found a gate leading to a gauntlet.
 10974 | Gauntlet | Entered a Gauntlet
 10974 | Gauntlet | Found a transporter.
 10974 | Gauntlet | Found a transporter.
 10984 | Gauntlet | Found a transporter.
 10987 | Gauntlet | Found a transporter.
 10993 | Gauntlet | Noticed a wizard
 10998 | Gauntlet | Found a transporter.
 11001 | Gauntlet | Found a transporter.
 11009 | Gauntlet | Noticed a hell beast
 11014 | Gauntlet | Found a transporter.
 11027 | Gauntlet | Found a transporter.
 11027 | Gauntlet | Noticed a great orb of eyes
 11035 | Gauntlet | Found a transporter.
 11036 | Gauntlet | Found a transporter.
 11045 | Gauntlet | Found a transporter.
 11065 | Gauntlet | Noticed a cyan ugly thing
 11096 | Gauntlet | Found a transporter.
 11124 | Gauntlet | Noticed a harpy
 11127 | Gauntlet | a harpy changed into an eye of draining
 11141 | Gauntlet | Killed a wizard
 11171 | Gauntlet | Identified the ring "Iclamen" {*Tele Str+6} (You found it
                  | on level 8 of the Dungeon)
 11213 | Gauntlet | Killed a hell beast
 11221 | Gauntlet | Got a jewelled hat
 11227 | Gauntlet | Identified the cursed +0 hat "Sakiajuq" {rC+} (You found it
                  | in a Gauntlet)
 11329 | Gauntlet | Noticed a minotaur
 11343 | Gauntlet | Killed a minotaur
 11819 | Orc:2    | Noticed an orc knight
 11833 | Orc:2    | Killed an orc knight
 11833 | Orc:2    | Reached skill level 16 in Ice Magic
 11939 | Orc:2    | Noticed an orc sorcerer
 11954 | Orc:2    | Killed an orc sorcerer
 12075 | Orc:2    | Noticed an orc high priest
 12119 | Orc:2    | Killed an orc high priest
 12224 | Orc:1    | Noticed an orc knight
 12240 | Orc:1    | Reached XP level 12. HP: 30/59 MP: 32/32
 12360 | Orc:1    | Found a roughly hewn altar of Beogh.
 12584 | Orc:2    | Noticed an orc high priest
 12596 | Orc:2    | Killed an orc high priest
 13062 | Orc:2    | Noticed an orc warlord
 13066 | Orc:2    | Noticed an orc high priest
 13074 | Orc:2    | Killed an orc high priest
 13095 | Orc:2    | Killed an orc warlord
 13095 | Orc:2    | Reached skill level 17 in Ice Magic
 13466 | Orc:2    | Found Nuuzuh's Antique Armour Boutique.
 13466 | Orc:2    | Found Myukobro's Antique Weapon Shop.
 13467 | Orc:2    | Found Judoumn's General Store.
 13467 | Orc:2    | Found Juathrizy's Jewellery Boutique.
 13627 | Orc:2    | Bought the +2 cloak of the Thief {+Fog Slay-2 SInv Stlth+}
                  | for 603 gold pieces
 13627 | Orc:2    | Found the +2 cloak of the Thief {+Fog Slay-2 SInv Stlth+}
 13636 | Orc:2    | Bought an uncursed amulet of guardian spirit for 360 gold
                  | pieces
 13636 | Orc:2    | Bought a cursed ring of wizardry for 324 gold pieces
 13868 | D:11     | Reached skill level 15 in Spellcasting
 13872 | D:11     | Offered knowledge of Iskenderun's Mystic Blast by Vehumet.
 13993 | D:11     | Found Orasadgh's Antique Armour Shop.
 13998 | D:11     | Found a blossoming altar of Fedhas.
 14002 | D:11     | Noticed a seven-headed hydra
 14015 | D:11     | Killed a seven-headed hydra
 14411 | D:11     | Found a runed translucent door.
 14433 | D:11     | Reached skill level 18 in Ice Magic
 15261 | D:13     | Reached XP level 13. HP: 55/63 MP: 19/34
 15311 | D:13     | Learned a level 1 spell: Summon Butterflies
 15704 | D:13     | You fall into a shaft and drop 2 floors!
 15704 | D:15     | Entered Level 15 of the Dungeon
 15713 | D:15     | Reached skill level 5 in Dodging
 15953 | D:14     | Found a stormy altar of Qazlal.
 16217 | D:14     | Reached skill level 19 in Ice Magic
 16973 | D:13     | Offered knowledge of Irradiate by Vehumet.
 16983 | D:13     | Learned a level 5 spell: Irradiate
 17354 | D:13     | Found a gate to the Vaults.
 17511 | D:13     | Reached XP level 14. HP: 68/68 MP: 34/36
 17899 | D:15     | Noticed Louise
 17922 | D:15     | Noticed Agnes
 17933 | D:15     | Killed Agnes
 17962 | D:15     | Reached skill level 20 in Ice Magic
 17966 | D:15     | Killed Louise
 18089 | D:15     | Identified the +6 short sword "Plog" {vorpal, rF++}
 18233 | D:15     | Noticed an emperor scorpion
 18264 | D:15     | Killed an emperor scorpion
 18306 | D:15     | Got a smoking helmet
 18317 | D:15     | Identified the +1 helmet "Ciucwuh" {rN++} (You found it on
                  | level 15 of the Dungeon)
 18405 | D:15     | Found a staircase to the Depths.
 19011 | D:5      | Killed Grinder
 19207 | Lair:1   | Entered Level 1 of the Lair of Beasts
 19256 | Lair:1   | Reached ****** piety under Vehumet
 19275 | Lair:1   | Learned a level 6 spell: Ozocubu's Refrigeration
 19495 | D:11     | Bought a glowing robe for 118 gold pieces
 19516 | D:11     | Bought a twisted ring mail for 288 gold pieces
 19526 | D:11     | Identified the +1 ring mail "Kaic" {*Slow rPois Dex+6
                  | Slay+3} (You bought it in a shop on level 11 of the
                  | Dungeon)
 19662 | Lair:1   | Noticed Nergalle
 19664 | Lair:1   | Killed Nergalle
 20173 | Lair:2   | Noticed Erica
 20177 | Lair:2   | Killed Erica
 20451 | Lair:2   | Offered knowledge of Iskenderun's Battlesphere by Vehumet.
 20679 | Lair:2   | Reached skill level 21 in Ice Magic
 20936 | Lair:3   | Reached XP level 15. HP: 72/72 MP: 30/39
 21725 | Lair:4   | Found a staircase to the Snake Pit.
 21992 | Lair:4   | Offered knowledge of Conjure Ball Lightning by Vehumet.
 22022 | Lair:4   | Found a staircase to the Shoals.
 22292 | Lair:4   | Got a translucent shortbow
 22827 | Lair:5   | Reached skill level 22 in Ice Magic
 23515 | Lair:6   | Entered Level 6 of the Lair of Beasts
 23546 | Lair:6   | Noticed Sonja
 23547 | Lair:6   | Killed Sonja
 23615 | Lair:6   | Found a staircase to the Slime Pits.
 23615 | Lair:6   | Found a viscous altar of Jiyva.
 24577 | Elf:1    | Entered Level 1 of the Elven Halls
 24580 | Elf:1    | Offered knowledge of Starburst by Vehumet.
 24637 | Elf:1    | Reached skill level 1 in Fighting
 24738 | Elf:1    | Reached XP level 16. HP: 79/79 MP: 2/41
 25013 | Elf:1    | Found a gateway to a bazaar.
 25307 | Elf:1    | Reached skill level 1 in Evocations
 25309 | Elf:1    | Reached skill level 23 in Ice Magic
 25546 | Elf:1    | Found Haxe's Gadget Emporium.
 25546 | Elf:1    | Found Qadamar's Jewellery Boutique.
 25549 | Elf:1    | Found Liliss's Gadget Emporium.
 26037 | Elf:2    | Reached skill level 1 in Long Blades
 26222 | Elf:2    | Learned a level 6 spell: Freezing Cloud
 26257 | Elf:2    | Offered knowledge of Iron Shot by Vehumet.
 26297 | Elf:2    | Reached skill level 5 in Evocations
 26543 | Elf:2    | Found a runed translucent gate.
 26543 | Elf:2    | Found a runed translucent gate.
 26543 | Elf:2    | Found a runed translucent gate.
 26790 | Elf:2    | Found Ymerad's Book Boutique.
 26959 | Elf:2    | Reached skill level 5 in Fighting
 27090 | Elf:3    | Entered Level 3 of the Elven Halls
 27364 | Elf:3    | Found the +8 frozen axe "Frostbite" {freezing cloud, *Noise
                  | +Fly rC+}
 27519 | Elf:3    | HP: 2/87 [deep elf archer/arrow (8)]
 27522 | Elf:3    | Mangled by a hell beast

Levels and vault maps discovered:
D:1:      giann_bridges, layout_basic
D:2:      layout_basic, elyvilon_altar_4, lemuel_round_altar,
          lemuel_round_altar, uniq_jessica
D:3:      layout_rooms, uniq_crazy_yiuf_cottage
D:4:      layout_basic, lemuel_doored_altar, minmay_temple_entry_wispy,
          uniq_menkaure
D:5:      layout_gridville, first_ration, trog_wizard, uniq_grinder
D:6:      layout_loops_ring, serial_shops, nicolae_shop_crystal, shop, shop,
          nicolae_shop_competitors_out_of_business, shop,
          fedhas_altar_fruit_tree
D:7:      layout_loops_ring, the_bakery, kennysheep_generic_room_8
D:8:      layout_basic, nicolae_qazlal_style_of_elements,
          minmay_strange_pillars, minmay_fractal_squares_5
D:9:      layout_gridville, lair_entry_dummy, serial_shops, shop, uniq_psyche,
          uniq_joseph, uniq_harold
D:10:     layout_basic, minmay_orc_entry_temple_small, basic_altar,
          nicolae_good_shop
D:11:     cheibrodos_shockbox, layout_cave_pools, basic_altar, serial_shops,
          shop
D:12:     layout_irregular_city
D:13:     layout_irregular_city, grunt_vaults_entry_fortified,
          minmay_misc_feat_iff, kennysheep_generic_room_12
D:14:     layout_loops_ring, abandoned_shop, basic_altar
D:15:     hangedman_depths_entry_try_elsewhere_first, layout_basic,
          minivault_23, uniq_louise, uniq_agnes
Temple:   minmay_crystal_spiral_temple
Lair:1:   layout_roguey, infiniplex_staircase_pool, uniq_nergalle
Lair:2:   layout_cave_pods, uniq_erica
Lair:3:   mu_elephants_graveyard, layout_layer_cave
Lair:4:   layout_hall_layers, minmay_shoals_entry_beasts, dummy_snake_entry,
          minmay_lair_oklob_chamber
Lair:5:   layout_cave_pods
Lair:6:   evilmike_catoblepas_cave, layout_loops_ring, slime_altar_1,
          chequers_serial_rivers_micro_b, uniq_sonja
Orc:1:    layout_caves, basic_altar, uniq_erolcha
Orc:2:    st_orc_congregation, layout_diamond_mine, gauntlet_entry_generic
Elf:1:    minmay_elf_arrival_summoners, layout_loops_cross, serial_shops,
          bzr_entry_dummy, minivault_28, minmay_shop_grove
Elf:2:    layout_geoelf_octagon, serial_shops, shop, st_stairs_7
Elf:3:    minmay_elf_hall, layout_geoelf_castle, ebering_ghost_reflecting_pool,
          nicolae_elf_glass_and_crystal_pillar_1, uniq_aizul

Skill      XL: |  1  2  3  4  5  6  7  8  9 10 11 12 13 14 15 16 |
---------------+-------------------------------------------------+-----
Ice Magic      | 5 6 7 8 9 11 12 14 16 18 19 21 22 23 | 23.2
Spellcasting   | 4 5 6 7 9 10 12 14 15 16 18 19 20 | 20.0
Shields        | 1 4 |  4.0
Dodging        | 3 6 7 |  7.5
Fighting       | 1 5 |  5.1
Evocations     | 5 |  5.0
Long Blades    | 3 |  3.0
Stealth        | 3 |  3.0

Action                   |  1- 3 |  4- 6 |  7- 9 | 10-12 | 13-15 | 16-18 || total
-------------------------+-------+-------+-------+-------+-------+-------++-------
Melee: Unarmed           |     4 |       |       |       |       |       ||     4
       Whip              |       |     7 |       |       |       |       ||     7
       Scimitar          |       |     5 |    60 |    60 |       |       ||   125
       Staff             |       |       |       |     2 |     5 |       ||     7
       Demon blade       |       |       |       |    40 |   103 |       ||   143
 Cast: Freeze            |    30 |    65 |    66 |   121 |   123 |     5 ||   410
       Frozen Ramparts   |     2 |     9 |    24 |    34 |    48 |       ||   117
       Summon Ice Beast  |       |     3 |    17 |    36 |    29 |     6 ||    91
       Ozocubu's Armour  |       |     1 |     1 |     3 |     8 |       ||    13
       Foxfire           |       |       |    53 |     5 |     8 |       ||    66
       Hailstorm         |       |       |     1 |    14 |    59 |     7 ||    81
       Magic Dart        |       |       |    58 |     3 |     4 |       ||    65
       Poisonous Vapours |       |       |    43 |   129 |    30 |       ||   202
       Olgreb's Toxic Ra |       |       |       |    77 |    23 |       ||   100
       Irradiate         |       |       |       |       |     6 |     3 ||     9
       Ozocubu's Refrige |       |       |       |       |   163 |    86 ||   249
 Abil: Evoke Fog         |       |       |       |     1 |       |       ||     1
Evoke: Wand              |       |       |     1 |       |     2 |     3 ||     6
  Use: Scroll            |       |     6 |     4 |     9 |    12 |     1 ||    32
       Potion            |       |       |       |     6 |     1 |       ||     7
 Stab: Distracted        |     1 |       |       |     2 |       |       ||     3
       Sleeping          |       |     2 |     1 |     2 |       |       ||     5
       Invisible         |       |       |       |     3 |       |       ||     3
  Eat: Chunk             |     1 |    10 |    28 |    17 |    30 |     9 ||    95
       Ration            |       |       |       |       |     1 |       ||     1
Armor: Robe              |     4 |    11 |    53 |    75 |    29 |       ||   172
       Troll leather arm |       |       |       |       |    40 |     6 ||    46
Dodge: Dodged            |    14 |    30 |   123 |   158 |   223 |    14 ||   562
Block: Buckler           |       |       |     2 |    66 |    73 |     8 ||   149
       Rpst.: Scimitar   |       |     5 |    31 |    27 |       |       ||    63
       Demon blade       |       |       |       |     5 |    42 |       ||    47

Table legend:
 A = Non-vault XP
 B = Vault XP
 C = Vault XP percentage of total XP
 D = Non-vault monster count
 E = Vault monster count
 F = Vault count percentage of total count
                 A         B        C        D         E       F
            +---------+---------+-------+---------+---------+-------
      Total |  129033 |   74449 |  36.6 |     627 |     191 |  23.3
            +---------+---------+-------+---------+---------+-------
        D:1 |      26 |       0 |   0.0 |      13 |       0 |   0.0
        D:2 |     250 |      37 |  12.9 |      22 |       1 |   4.3
        D:3 |     136 |      20 |  12.8 |      27 |       1 |   3.6
        D:4 |      48 |     166 |  77.6 |       7 |       1 |  12.5
        D:5 |     773 |     353 |  31.3 |      20 |       2 |   9.1
        D:6 |    1047 |       0 |   0.0 |      25 |       0 |   0.0
        D:7 |     922 |     220 |  19.3 |      23 |       1 |   4.2
        D:8 |    1253 |     164 |  11.6 |      24 |       2 |   7.7
        D:9 |    1402 |    1442 |  50.7 |      18 |       3 |  14.3
       D:10 |    2008 |     362 |  15.3 |      19 |       9 |  32.1
       D:11 |    4298 |     587 |  12.0 |      29 |       1 |   3.3
       D:12 |    2716 |       0 |   0.0 |      26 |       0 |   0.0
       D:13 |    7549 |    6586 |  46.6 |      37 |      11 |  22.9
       D:14 |    9728 |       0 |   0.0 |      34 |       0 |   0.0
       D:15 |   14457 |    7799 |  35.0 |      40 |       6 |  13.0
     Lair:1 |    1947 |     804 |  29.2 |      14 |       1 |   6.7
     Lair:2 |    5144 |     912 |  15.1 |      25 |       1 |   3.8
     Lair:3 |    6805 |   10447 |  60.6 |      25 |      21 |  45.7
     Lair:4 |    7645 |    3941 |  34.0 |      26 |      11 |  29.7
     Lair:5 |    6666 |       0 |   0.0 |      15 |       0 |   0.0
     Lair:6 |    4269 |   12496 |  74.5 |      11 |      24 |  68.6
      Orc:1 |    3595 |    1027 |  22.2 |      33 |       1 |   2.9
      Orc:2 |    1592 |   10400 |  86.7 |      36 |      63 |  63.6
      Elf:1 |   17578 |   11892 |  40.4 |      34 |      18 |  34.6
      Elf:2 |   22472 |    1877 |   7.7 |      37 |       3 |   7.5
      Elf:3 |    4707 |       0 |   0.0 |       7 |       0 |   0.0
   Gauntlet |       0 |    2917 | 100.0 |       0 |      10 | 100.0
            +---------+---------+-------+---------+---------+-------
